 Dungeon Crawl Stone Soup version 0.26.1-11-gd32895ea62 (webtiles) character file.

Game seed: 489061234146650833

72 manyhoops the Ruffian (level 4, -2/38 HPs)
             Began as a Palentonga Transmuter on Apr 20, 2021.
             Slain by a worm (9 damage)
             ... on level 2 of the Dungeon.
             The game lasted 00:02:51 (2041 turns).

manyhoops the Ruffian (Palentonga Transmuter)       Turns: 2041, Time: 00:02:52

Health: -2/38      AC:  5    Str: 14    XL:     4   Next: 7%
Magic:  7/7        EV:  8    Int: 13    God:
Gold:   61         SH:  0    Dex: 11    Spells: 4/7 levels left

rFire    . . .     SeeInvis +     - Unarmed
rCold    . . .     Faith    .   (no shield)
rNeg     . . .     Spirit   .   i - +0 ring mail (curse)
rPois    .         Reflect  .   (no helmet)
rElec    .         Harm     .   (no cloak)
rCorr    .         Rampage  .   (no gloves)
Will     .....                  (no barding)
Stlth    +.........             (no amulet)
HPRegen  0.12/turn              (no ring)
MPRegen  0.10/turn              (no ring)

@: lethally poisoned (-2 -> -6)
A: large, rugged brown scales 3, see invisible, deformed body, roll 1, armoured
tail
a: Rolling Charge


You were on level 2 of the Dungeon.
You visited 1 branch of the dungeon, and saw 3 of its levels.

You collected 61 gold pieces.

Inventory:

Armour
 a - a +0 robe
 i - a cursed +0 ring mail (worn)
Jewellery
 j - an uncursed amulet of magic regeneration {unknown}
Scrolls
 c - 2 scrolls of magic mapping
 d - 2 scrolls of blinking
 e - a scroll of remove curse {unknown}
 f - a scroll of fear {unknown}
 g - a scroll of identify {unknown}
 h - a scroll of teleportation {unknown}
Potions
 b - a potion of ambrosia {unknown}


   Skills:
 * Level 2.1 Fighting
 - Level 1.5 Dodging
 + Level 4.5 Unarmed Combat
 - Level 2.0 Spellcasting
 - Level 2.0 Transmutations


You had 4 spell levels left.
You knew the following spells:

 Your Spells              Type           Power        Failure   Level
a - Beastly Appendage     Tmut           12%          22%         1
b - Wereblood             Tmut           6%           34%         2

Your spell library contained the following spells:

 Spells                   Type           Power        Failure   Level
 Magic Dart               Conj           4%           45%         1
 Blink                    Tloc           N/A          61%         2
 Call Imp                 Summ           1%           61%         2
 Slow                     Hex            1%           61%         2
 Spider Form              Tmut/Pois      1%           71%         3
 Conjure Flame            Conj/Fire      1%           83%         3
 Mephitic Cloud           Conj/Pois/Air  1%           83%         3
 Ice Form                 Ice/Tmut       3%           98%         4
 Blade Hands              Tmut           3%           99%         5


Dungeon Overview and Level Annotations

Branches:
Dungeon (3/15)

Altars:
Gozag


Innate Abilities, Weirdness & Mutations

You are completely covered in rugged brown scales. (AC +3, +7% HP)
You have supernaturally acute eyesight. (SInv)
Armour fits poorly on your strangely shaped body.
You can roll at nearby foes to attack.
You have a long armoured tail.


Message History

* * * LOW HITPOINT WARNING * * *
You feel sick. The adder closely misses you.
You miss the adder. You punch the adder.
You kill the adder!
* * * LOW HITPOINT WARNING * * *
You feel sick.
You have reached level 4!
You feel agile.
Okay, then.
You closely miss the kobold.
Your tail-slap misses the kobold.
The kobold barely misses you.
You hit the kobold.
You kill the kobold!
You feel sick.
You hit the worm.
The worm is moderately wounded.
Your ring mail prevents you from hitting the worm.
The worm is moderately wounded.
You feel sick. The worm bites you!
You die...

.≈≈≈.≈.≈.≈.. ....≈.≈≈..# ...
###†##.# .. #......#
#.#..##### #....# ####.# #w#
##### #@# #####≈#.#
#####.###### #....≈≈..
#.†...##.....#.###≈.##
#†######.# #.#.####.## # #.#
#.# #....)..<.. ###.####.#
#.###.#.###..##
.......#.######.....#.###...≈
#......................#.≈≈
#....######.##..#.#.##..≈≈#


You could see a worm.

Vanquished Creatures
  An adder (D:2)
  An ooze (D:2)
  2 worms (D:2)
  3 dart slugs
  A leopard gecko (D:1)
  7 goblins
  5 hobgoblins
  7 kobolds
  A quokka (D:2)
  2 ball pythons
  5 bats
  3 frilled lizards
  7 rats
45 creatures vanquished.

Notes
Turn   | Place    | Note
-------+----------+-------------------------------------------
     0 | D:1      | manyhoops the Palentonga Transmuter began the quest for the
                  | Orb.
     0 | D:1      | Reached XP level 1. HP: 17/17 MP: 3/3
   277 | D:1      | Reached XP level 2. HP: 24/24 MP: 3/5
  1262 | D:2      | Learned a level 2 spell: Wereblood
  1399 | D:2      | Reached XP level 3. HP: 25/31 MP: 6/6
  1527 | D:2      | Reached skill level 4 in Unarmed Combat
  1527 | D:2      | Found an opulent altar of Gozag.
  2038 | D:2      | Reached XP level 4. HP: 9/38 MP: 7/7
  2041 | D:2      | Slain by a worm

Illustrated notes

Levels and vault maps discovered:
D:1:      wander_arrival_peaceful_grave, layout_basic
D:2:      layout_loops_ring, nicolae_gozag_cash_rules_everything_around_me,
          serial_rivers, chequers_serial_rivers_small_b,
          chequers_serial_rivers_small_3, chequers_serial_rivers_small_3,
          chequers_serial_rivers_large_b, chequers_serial_rivers_micro_d,
          hangedman_decor_peaks_small
D:3:      layout_rooms, fedhas_altar_1, ebering_ghost_rock_garden

Skill      XL: |  1  2  3 |
---------------+----------+-----
Unarmed Combat | 4 |  4.5
Fighting       | 2 |  2.1
Dodging        | |  1.5
Spellcasting   | |  2.0
Transmutations | |  2.0

Action                   |  1- 3 |  4- 6 || total
-------------------------+-------+-------++-------
Melee: Unarmed           |   141 |     4 ||   145
       Tailslap          |    14 |       ||    14
       Kick              |    12 |       ||    12
       Headbutt          |     5 |       ||     5
       Punch             |     2 |       ||     2
 Cast: Beastly Appendage |    18 |       ||    18
 Abil: Rolling Charge    |     2 |       ||     2
  Use: Scroll            |     2 |       ||     2
Armor: Robe              |    29 |       ||    29
       Ring mail         |    31 |       ||    31
Dodge: Dodged            |    73 |     1 ||    74
